 Dungeon Crawl Stone Soup version 0.29-a0-555-g3b24f45cc1 (webtiles) character file.

Game seed: 13346014132234418512

2 zeratav the Sneak (level 1, -1/19 HPs)
             Began as a Minotaur Delver on June 8, 2022.
             Slain by a hound (2 damage)
             ... on level 5 of the Dungeon.
             The game lasted 00:00:36 (27 turns).

zeratav the Sneak (Minotaur Delver)                   Turns: 27, Time: 00:00:37

Health: -1/19      AC:  3    Str: 16    XL:     1   Next: 25%
Magic:  0/0        EV: 11    Int:  7    God:
Gold:   15         SH:  0    Dex: 11    Spells: 0/0 levels left

rFire   . . .      SeeInvis .   a - +0 hand axe {axe}
rCold   . . .      Faith    .   (no shield)
rNeg    . . .      Spirit   .   b - +0 leather armour
rPois   .          Reflect  .   (helmet restricted)
rElec   .          Harm     .   (no cloak)
rCorr   .          Rampage  .   (no gloves)
Will    .....                   (no boots)
Stlth   +.........              (no amulet)
HPRegen 0.06/turn               (no ring)
MPRegen 0.07/turn               (no ring)

@: confused
A: horns 2, retaliatory headbutt
a: no special abilities


You were on level 5 of the Dungeon.
You visited 1 branch of the dungeon, and saw 1 of its levels.

You collected 15 gold pieces.


Innate Abilities, Weirdness & Mutations

You have a pair of horns on your head.
You reflexively headbutt those who attack you in melee.


   Skills:
 - Level 3.6 Fighting
 + Level 2.7 Axes
 - Level 2.1 Dodging
 - Level 4.1 Stealth


You couldn't memorise any spells.
You didn't know any spells.
Your spell library was empty.

Inventory:

Hand Weapons
 a - a +0 hand axe (weapon) {axe}
Armour
 b - a +0 leather armour (worn)
Wands
 g - a wand of digging (2)
Scrolls
 c - a scroll of fog
 d - a scroll of magic mapping {!r}
 e - a scroll of fear
Potions
 f - a potion of haste {@q3}

Dungeon Overview and Level Annotations

Branches:
Dungeon (5/15)
 Temple: D:4-7

Altars:

Annotations:
D:5 Sigmund

.#...........
............#.
#...........#
##..!....$..# #
............##
#.
.......).....#.
#.#
#..#@#...#....
#...
#..#.#........
#...###
#.=#@h.#.#..##
#...##
#..#..##.# ...
#>.###....###.#
.
##............#
#####..#####...
#..# . .....
##.#### ###


You could see Sigmund (strong) and a hound.


Message History

🤖 Initializing magus.rc ...
Bad channel name for runrest: 'pray:' ✅ Successfully initialized magus.rc [v1.9.6] Welcome, zeratav the Minotaur Delver.
The heart of this dungeon contains the terrific artefact, the Orb of Zot.
Press ? for a list of commands and other information.
Found a stone staircase leading down.
An orc comes into view. It is wielding a +0 club.
You see here 15 gold pieces.
You now have 15 gold pieces.
The orc shouts!
Sigmund the Dreaded comes into view.
He is wielding a +0 scythe.
You hit the orc. The orc barely misses you.
You barely miss the orc. You headbutt the orc, but do no damage.
A hound comes into view.
The orc misses you.
The hound barks!
You hit the orc. The orc misses you. You furiously retaliate!
You headbutt the orc.
You kill the orc!
The hound bites you.
HP[-3]
You take 3 damage, and now have 16/19 hp.
You slash the hound!
You headbutt the hound, but do no damage.
The hound bites you but does no damage. The hound closely misses you.
You hit the hound. The hound bites you.
HP[-4]
You take 4 damage, and now have 12/19 hp.
MASSIVE DAMAGE!! (PAUSE)
You hit the hound. The hound bites you. x2
* * * LOW HITPOINT WARNING * * *
Sigmund closely misses you.
HP[-3]
You take 3 damage, and now have 9/19 hp.
You barely miss the hound. Your punch misses the hound. The hound bites you.
* * * LOW HITPOINT WARNING * * *
The hound bites you.
* * * LOW HITPOINT WARNING * * *
HP[-5]
You take 5 damage, and now have 4/19 hp.
MASSIVE DAMAGE!! (PAUSE)
You miss the hound. The hound bites you.
* * * LOW HITPOINT WARNING * * *
Sigmund barely misses you. The hound barely misses you.
HP[-1]
You take 1 damage, and now have 3/19 hp.
You miss the hound. The hound bites you.
* * * LOW HITPOINT WARNING * * *
Sigmund screams, "I am the angel of ZOT!!!"
Sigmund points at you and mumbles some strange words.
You resist with significant effort. The hound barely misses you.
HP[-2]
You take 2 damage, and now have 1/19 hp.
Aiming: Dig
Press: ? - help, Q - select action, (/) - cycle Shift-Dir - straight line, f - hound
Aim: a hound (almost dead, 100% to hit)
The rock shatters into small pieces.
Sigmund gestures at you while chanting.
You are confused.
The hound barely misses you.
You bump into the rock wall.
The hound barely misses you.
Sigmund drinks a potion.
Sigmund seems to grow stronger.
The hound bites you but does no damage. Sigmund barely misses you.
You bump into the rock wall.
The hound bites you.
You die...

Action                   || total
-------------------------++-------
Melee: Hand axe          ||     9
       Headbutt          ||     2
Evoke: Wand              ||     1
Armor: Leather armour    ||     2
Dodge: Dodged            ||    11

Levels and vault maps discovered:
D:5:      layout_rooms, mainiacjoe_overflow_swirl, uniq_sigmund

Notes
Turn   | Place    | Note
-------+----------+-------------------------------------------
     0 | D:5      | zeratav the Minotaur Delver began the quest for the Orb.
     0 | D:5      | Reached XP level 1. HP: 19/19 MP: 0/0
     0 | D:5      | magus.rc [v1.9.6]
    12 | D:5      | Noticed Sigmund
    14 | D:5      | Noticed a hound
    21 | D:5      | HP: 4/19 [hound (3)]
    23 | D:5      | HP: 1/19 [hound (2)]
    27 | D:5      | Slain by a hound

Vanquished Creatures
  An orc (D:5)
1 creature vanquished.

Table legend:
 A = Non-vault XP
 B = Vault XP
 C = Vault XP percentage of total XP
 D = Non-vault monster count
 E = Vault monster count
 F = Vault count percentage of total count
                 A         B        C        D         E       F
            +---------+---------+-------+---------+---------+-------
      Total |       3 |       0 |   0.0 |       1 |       0 |   0.0
            +---------+---------+-------+---------+---------+-------
        D:5 |       3 |       0 |   0.0 |       1 |       0 |   0.0
            +---------+---------+-------+---------+---------+-------

Illustrated notes

Table legend:
 A = Kills in this place as a percentage of kills in entire the game.
 B = Kills by you in this place as a percentage of kills by you in the entire game.
 C = Kills by friends in this place as a percentage of kills by friends in the entire game.
 D = Other kills in this place as a percentage of other kills in the entire game.
 E = Experience gained in this place as a percentage of experience gained in the entire game.
 F = Experience gained in this place divided by the number of levels of this place that you have seen.
                   A       B       C       D       E      F
               +-------+-------+-------+-------+-------+----------------------
         Total | 100.0 | 100.0 |   N/A |   N/A | 100.0 |   3.0
       Dungeon | 100.0 | 100.0 |   N/A |   N/A | 100.0 |   3.0
               +-------+-------+-------+-------+-------+----------------------

Table legend: (Time is in decaauts)
 A = Elapsed time spent in this place.
 B = Non-inter-level travel time spent in this place.
 C = Inter-level travel time spent in this place.
 D = Time resting spent in this place.
 E = Time spent auto-exploring this place.
 F = Levels seen in this place.
 G = Mean time per level.
                   A        B        C        D        E       F      G
               +--------+--------+--------+--------+--------+-----+--------+
         Total |     28 |     28 |      0 |      0 |      7 |   1 |   28.0 |
       Dungeon |     28 |     28 |      0 |      0 |      7 |   1 |   28.0 |
               +--------+--------+--------+--------+--------+-----+--------+

Top non-repeatable levels by time:
     D:5: 28 daAuts
